 Dungeon Crawl Stone Soup version 0.19-a0-1490-g5dd3618 (webtiles) character file.

523 kae the Slasher (level 7, 0/57 HPs)
             Began as a Hill Orc Abyssal Knight on Sept 8, 2016.
             Was a Believer of Lugonu.
             Slain by an orc
             ... wielding a +0 whip
              (3 damage)
             ... on level 4 of the Dungeon.
             The game lasted 00:04:54 (3456 turns).

kae the Slasher (Hill Orc Abyssal Knight)           Turns: 3456, Time: 00:04:54

Health: 0/57       AC:  3    Str: 22    XL:     7   Next: 22%
Magic:  10/10      EV: 11    Int: 12    God:    Lugonu [**....]
Gold:   205        SH:  0    Dex: 10    Spells: 0 memorised, 6 levels left

rFire  x . .     SeeInvis .     a - +1 falchion
rCold  + + .     Gourm    .     b - +0 leather armour
rNeg   . . .     Faith    .     (no shield)
rPois  .         Spirit   .     (no helmet)
rElec  .         Dismiss  .     (no cloak)
rCorr  +         Reflect  .     (no gloves)
MR     .....     Harm     .     (no boots)
Stlth  +.........               (no amulet)
                                n - ring of ice
                                e - ring of resist corrosion

@: mighty
A: cold resistance 1
a: Depart the Abyss, Bend Space, Renounce Religion


You were on level 4 of the Dungeon.
You worshipped Lugonu.
Lugonu was pleased with you.
You were near starving.

You visited 1 branch of the dungeon, and saw 4 of its levels.
You visited the Abyss 1 time.

You collected 205 gold pieces.

Inventory:

Hand Weapons
 a - a +1 falchion (weapon)
Armour
 b - a +0 leather armour (worn)
Jewellery
 e - a ring of resist corrosion (left hand)
 f - an uncursed ring of wizardry
 n - a ring of ice (right hand)
Scrolls
 d - a scroll of blinking
 i - a scroll of remove curse
 k - a scroll of magic mapping
 m - 2 scrolls of fear
Potions
 g - a potion of might
 l - a potion of resistance
 p - a potion of brilliance {unknown}
 q - a potion of flight {unknown}
 s - a potion of cancellation
Comestibles
 c - 3 bread rations
 j - a meat ration
 o - a beef jerky
 r - a fruit


   Skills:
 - Level 3.6 Fighting
 * Level 7.4 Long Blades
 - Level 2.1 Armour
 - Level 0.7 Dodging
 + Level 5.2 Invocations


You had 6 spell levels left.
You didn't know any spells.

Dungeon Overview and Level Annotations

Branches:
Dungeon (4/15)
 Temple: D:4-7

Altars:
Ashenzari
Elyvilon
Uskayaw
Zin

Annotations:
D:4 JustSomeDude's ghost, amateur DsFi


Innate Abilities, Weirdness & Mutations

Your flesh is cold resistant. (rC+)


Message History

You closely miss the orc warrior.
The orc warrior is heavily wounded.
The orc warrior hits you with a trident.
You slash the orc warrior!
The orc warrior is severely wounded.
You barely miss the orc warrior.
The orc warrior is severely wounded.
The orc warrior hits you with a trident!
* * * LOW HITPOINT WARNING * * *
You barely miss the orc warrior.
The orc warrior is severely wounded.
The orc warrior hits you with a trident.
* * * LOW HITPOINT WARNING * * *
You hit the orc warrior.
You kill the orc warrior!
Lugonu accepts your kill.
Your Invocations skill increases to level 5!
You are near starving!
You barely miss the orc. The orc hits you with a whip.
You die...

##..#
##...## .
#.....##.o
#.....>.
.....#
##...###o.
#ao...o...
#o##......
#@# #####
#.# #.#
#.# #.#
#.# #.#
#.# . #.#
>#. .##


You could see a worker ant and 2 orcs.

Vanquished Creatures
  Grinder (D:3)
  An orc warrior (D:4)
  A hound (D:4)
  3 orc wizards
  4 adders
  2 oozes
  4 worms (D:2)
  3 dart slugs
  3 giant geckos
  3 orcs
  3 giant cockroaches
  6 hobgoblins
  2 jackals (D:3)
  3 kobolds
  A quokka (D:2)
  2 bats (D:1)
  7 giant newts
  13 goblins
  6 rats
68 creatures vanquished.

Notes
Turn   | Place    | Note
-------+----------+-------------------------------------------
     0 | Abyss:1  | kae the Hill Orc Abyssal Knight began the quest for the Orb.
     0 | Abyss:1  | Reached XP level 1. HP: 19/19 MP: 2/2
    63 | Abyss:1  | Noticed an orange demon
    66 | D:1      | Escaped the Abyss
   123 | D:1      | Reached skill level 3 in Long Blades
   123 | D:1      | Reached XP level 2. HP: 24/26 MP: 3/3
   562 | D:1      | Reached * piety under Lugonu
   766 | D:2      | Reached skill level 4 in Long Blades
   766 | D:2      | Reached XP level 3. HP: 24/31 MP: 4/4
  1551 | D:2      | Reached XP level 4. HP: 39/39 MP: 5/5
  1797 | D:2      | Reached skill level 5 in Long Blades
  2039 | D:3      | Reached ** piety under Lugonu
  2153 | D:3      | Found a shattered altar of Ashenzari.
  2153 | D:3      | Found a hide-covered altar of Uskayaw.
  2157 | D:3      | Found a white marble altar of Elyvilon.
  2292 | D:3      | Reached XP level 5. HP: 45/45 MP: 7/7
  2532 | D:3      | Found a glowing silver altar of Zin.
  2654 | D:3      | Noticed Grinder
  2670 | D:3      | Killed Grinder
  2670 | D:3      | Reached skill level 6 in Long Blades
  2670 | D:3      | Reached XP level 6. HP: 21/51 MP: 7/9
  3022 | D:4      | Noticed JustSomeDude's ghost (amateur DsFi)
  3132 | D:3      | Gained mutation: Your flesh is cold resistant. (rC+) [potion of beneficial mutation]
  3416 | D:4      | Reached skill level 7 in Long Blades
  3426 | D:4      | Noticed an orc warrior
  3443 | D:4      | Reached XP level 7. HP: 41/57 MP: 10/10
  3455 | D:4      | Reached skill level 5 in Invocations
  3456 | D:4      | Slain by an orc

Vault maps used:
D:1:      saegor_arrival_miasma
D:3:      zin_statuary, gammafunk_temple_overflow_forgotten, first_bread,
          uniq_grinder
D:4:      nicolae_ru_awakened_eye, serial_shops, shop_fountains

Skill      XL: |  1  2  3  4  5  6  7 |
---------------+----------------------+-----
Long Blades    | 3 4 5 6 7 |  7.4
Invocations    | 4 5 |  5.2
Fighting       | |  3.6
Armour         | |  2.1
Dodging        | |  0.7

Action                   |  1- 3 |  4- 6 |  7- 9 || total
-------------------------+-------+-------+-------++-------
Melee: Falchion          |   109 |   187 |    10 ||   306
Invok: Depart the Abyss  |     1 |       |       ||     1
       Bend Space        |       |     4 |       ||     4
  Use: Scroll            |       |     9 |       ||     9
       Potion            |       |     3 |     2 ||     5
  Eat: Chunk             |     2 |     4 |       ||     6
       Fruit             |       |     1 |       ||     1
Armor: Leather armour    |    13 |    31 |     1 ||    45
Dodge: Dodged            |    53 |    70 |     2 ||   125
